 Dungeon Crawl Stone Soup version 0.25-a0-201-g0bb11aece9 (webtiles) character file.

Game seed: 11767544175195210850, levelgen mode: deterministic

646 MisterFreud the Ducker (level 7, -2/49 HPs)
             Began as an Octopode Artificer on Dec 2, 2019.
             Was an Initiate of Cheibriados.
             Killed from afar by an electric eel (7 damage)
             ... with a bolt of electricity
             ... on level 5 of the Dungeon.
             The game lasted 00:08:32 (4902 turns).

MisterFreud the Ducker (Octopode Artificer)         Turns: 4902, Time: 00:08:33

Health: -2/49      AC:  1    Str: 13    XL:     7   Next: 52%
Magic:  9/9        EV: 16    Int: 16    God:    Cheibriados [......]
Gold:   437        SH:  0    Dex: 13    Spells: 6/6 levels left

rFire    . . .     SeeInvis .   v - -2 dagger (curse)
rCold    + . .     Gourm    .   (no shield)
rNeg     . . .     Faith    .   (helmet restricted)
rPois    .         Spirit   .   (no amulet)
rElec    .         Reflect  .   g - ring of protection from cold
rCorr    .         Harm     .   r - ring of wizardry
MR       .....                  (no ring)
Stlth    +++.......             (no ring)
HPRegen  0.16/turn              (no ring)
MPRegen  0.11/turn              (no ring)
                                (no ring)
                                (no ring)

@: very slow
A: almost no armour, stealthy swim, amphibious, 8 rings, constrict 8, camouflage
1, gelatinous body 1
a: Bend Time, Renounce Religion


You were on level 5 of the Dungeon.
You worshipped Cheibriados.
Cheibriados was noncommittal.
You were not hungry.

You visited 2 branches of the dungeon, and saw 6 of its levels.
You also visited: Ossuary.

You collected 437 gold pieces.

Inventory:

Hand Weapons
 a - a +1 short sword
 v - a cursed -2 dagger (weapon)
Missiles
 e - 35 arrows
 h - 125 stones (quivered)
 m - 59 bolts
Jewellery
 g - a ring of protection from cold (left tentacle)
 r - a ring of wizardry (right tentacle)
Wands
 b - a wand of flame (13)
 c - a wand of enslavement (15)
 d - a wand of random effects (22)
 n - a wand of disintegration (6)
Scrolls
 l - 3 scrolls of teleportation
 t - a scroll of enchant armour
 w - a scroll of blinking
 y - a scroll of magic mapping
Potions
 i - a potion of resistance
 j - a potion of lignification {unknown}
 k - 2 potions of berserk rage
 o - 3 potions of brilliance
 p - 2 potions of agility {unknown}
 q - a potion of ambrosia {unknown}
 s - a potion of curing
 u - a potion of mutation {unknown}
 z - 2 potions of flight
 A - a potion of heal wounds
 B - a potion of haste
Comestibles
 f - 6 rations


   Skills:
 + Level 4.9 Fighting
 - Level 1.0 Short Blades
 + Level 6.5 Dodging
 - Level 1.3 Stealth
 - Level 3.2 Evocations


You had 6 spell levels left.
You didn't know any spells.
Your spell library contained the following spells:

 Spells                   Type           Power        Failure   Level  Hunger
 Corona                   Hex            #......      11%         1    ##.....
 Ensorcelled Hibernation  Hex/Ice        #.....       16%         2    ###....
 Confuse                  Hex            #.......     28%         3    ####...
 Dazzling Spray           Conj/Hex       #.....       28%         3    ####...
 Tukima's Dance           Hex            #.......     28%         3    ####...


Dungeon Overview and Level Annotations

Branches:
Dungeon (5/15)             Temple (1/1) D:4         Ossuary (visited)

Altars:
Ashenzari
Cheibriados
Dithmenos
Elyvilon
Fedhas
Gozag
Hepliaklqana
Kikubaaqudgha
Makhleb
Nemelex Xobeh
Okawaru
Qazlal
Trog
Uskayaw
Wu Jian
Xom
Yredelemnul


Innate Abilities, Weirdness & Mutations

You cannot wear most types of armour.
You are very stealthy in the water. (Stealth+)
You are amphibious.
You can wear up to eight rings at the same time.
You can use your tentacles to constrict eight enemies at once.
Your skin changes colour to match your surroundings (Stealth+).
Your rubbery body absorbs attacks. (AC +1, EV +1)


Message History

Aim: an electric eel (water, hasn't noticed you)
Okay, then.
The electric eel shoots out a bolt of lightning at you!
The bolt of electricity hits the plant.
The bolt of electricity hits you!
The electric eel shoots out a bolt of lightning at you!
The bolt of electricity hits the plant!
The bolt of electricity hits you!
Evoke which item? (* to show all) (? for menu, Esc to quit)
Aiming: Throw Flame
Press: ? - help, Shift-Dir - straight line, f - electric eel
Aim: an electric eel (hasn't noticed you)
Okay, then.
The electric eel shoots out a bolt of lightning at you!
The bolt of electricity hits the plant!
The bolt of electricity hits you!
* * * LOW HITPOINT WARNING * * *
The electric eel shoots out a bolt of lightning at you!
The bolt of electricity hits the plant.
The bolt of electricity hits you!
* * * LOW HITPOINT WARNING * * *
The electric eel shoots out a bolt of lightning at you!
The bolt of electricity hits the plant!
The bolt of electricity hits you!
You die...

##....≈##≈≈≈##.#
##.######≈;(;≈#.# ##
#≈##;;≈##≈;(.$#.# #.
#≈#≈;≈≈≈#?PP≈.#.# #.
#≈#.$(.≈#...P.#.# ##########.
#≈#[PP..#.....#.####......>...
#≈#≈P.P≈#.....#.........#####.
#.#.....##..'#######.##.# #.
#.# #####@.### #.<..# #. #.##
+##≈≈...##.###...<#####.
##≈####.≈≈######.##..)........
##≈≈...#### #.#.##...........
########.# #.#.##.......####
#.##.#.# #.#.###....### #
#.##.#.# #.#.# #^)..# #
###.##.#.###.#.###.#.## #
#..................#.# #


You could see 3 electric eels.

Vanquished Creatures
  An ogre (D:4)
  A bullfrog (D:5)
  A scorpion (D:5)
  A bullfrog zombie (D:5)
  An orc priest (D:5)
  An orc wizard (D:3)
  3 worker ants (D:5)
  8 mummies (Ossuary)
  3 gnolls (D:3)
  4 adders
  2 shadow imps (D:5)
  An adder skeleton (D:4)
  2 worms
  2 dart slugs
  2 leopard geckos (D:4)
  8 orcs
  A ball python (D:3)
  8 bats
  2 giant cockroaches (D:1)
  A gnoll zombie (Ossuary)
  6 goblins
  6 hobgoblins
  10 jackals
  A kobold (D:2)
  2 quokkas
  6 frilled lizards
  2 hobgoblin zombies (Ossuary)
  3 kobold zombies (Ossuary)
  A leopard gecko zombie (D:5)
  2 orc zombies (Ossuary)
  11 rats
103 creatures vanquished.

Notes
Turn   | Place    | Note
-------+----------+-------------------------------------------
     0 | D:1      | MisterFreud the Octopode Artificer began the quest for the
                  | Orb.
     0 | D:1      | Reached XP level 1. HP: 13/13 MP: 3/3
    57 | D:1      | Reached XP level 2. HP: 16/19 MP: 4/4
   756 | D:1      | Reached XP level 3. HP: 18/25 MP: 5/5
  1602 | D:3      | Reached XP level 4. HP: 33/33 MP: 6/6
  1731 | D:3      | Found an opulent altar of Gozag.
  1907 | D:3      | Reached XP level 5. HP: 37/37 MP: 7/7
  2180 | D:3      | Reached skill level 3 in Dodging
  2550 | D:4      | Noticed an ogre
  2551 | D:4      | Found an ancient bone altar of Kikubaaqudgha.
  2551 | D:4      | Found a bloodstained altar of Trog.
  2557 | D:4      | Killed an ogre
  2557 | D:4      | Reached skill level 4 in Dodging
  2557 | D:4      | Reached XP level 6. HP: 23/43 MP: 8/8
  2875 | D:4      | Found a hazy altar of Hepliaklqana.
  2960 | D:4      | Found a staircase to the Ecumenical Temple.
  2974 | Temple   | Entered the Ecumenical Temple
  3394 | D:5      | Entered Level 5 of the Dungeon
  3572 | D:5      | Reached skill level 5 in Dodging
  3726 | D:5      | Found a snail-covered altar of Cheibriados.
  3741 | D:5      | Became a worshipper of Cheibriados the Contemplative
  3786 | D:5      | Found a sand-covered staircase.
  3794 | Ossuary  | Entered an ossuary
  3952 | Ossuary  | Reached XP level 7. HP: 48/48 MP: 9/9
  3954 | Ossuary  | Reached skill level 6 in Dodging
  4902 | D:5      | Killed from afar by an electric eel

Levels and vault maps discovered:
D:1:      minmay_arrival_semitransparent, layout_rooms
D:2:      layout_rooms, first_ration, hex_large
D:3:      layout_basic, nicolae_gozag_seed_capital
D:4:      layout_loops_ring, marbit_many_paths,
          gammafunk_temple_overflow_elements,
          minmay_temple_entry_drinking_statues, kennysheep_path_1
D:5:      cheibrodos_two_vegetables, layout_loops_ring, kennysheep_slug_shrine,
          nicolae_ossuary_entry_plus
Temple:   dshaligram_water_room_temple

Skill      XL: |  1  2  3  4  5  6  7 |
---------------+----------------------+-----
Fighting       | 2 3 4 |  4.9
Dodging        | 4 5 6 |  6.5
Short Blades   | |  1.0
Stealth        | |  1.3
Evocations     | |  3.2

Action                   |  1- 3 |  4- 6 |  7- 9 || total
-------------------------+-------+-------+-------++-------
Melee: Short sword       |    85 |    91 |       ||   176
       Constrict         |    29 |    35 |    11 ||    75
       Tentacles         |    16 |    23 |    21 ||    60
       Dagger            |       |    25 |    57 ||    82
Evoke: Wand              |       |     4 |       ||     4
  Use: Scroll            |     5 |     6 |     5 ||    16
 Stab: Sleeping          |    10 |     9 |     2 ||    21
  Eat: Chunk             |     2 |     8 |       ||    10
       Ration            |       |       |     1 ||     1
Armor: Skin              |    12 |     6 |     1 ||    19
Dodge: Dodged            |    59 |    88 |    31 ||   178

Table legend:
 A = Non-vault XP
 B = Vault XP
 C = Vault XP percentage of total XP
 D = Non-vault monster count
 E = Vault monster count
 F = Vault count percentage of total count
                 A         B        C        D         E       F
            +---------+---------+-------+---------+---------+-------
      Total |     603 |     320 |  34.7 |      84 |      19 |  18.4
            +---------+---------+-------+---------+---------+-------
        D:1 |      36 |       0 |   0.0 |      24 |       0 |   0.0
        D:2 |      37 |       0 |   0.0 |      16 |       0 |   0.0
        D:3 |     126 |       0 |   0.0 |      20 |       0 |   0.0
        D:4 |     157 |       0 |   0.0 |       7 |       0 |   0.0
        D:5 |     247 |     166 |  40.2 |      17 |       3 |  15.0
    Ossuary |       0 |     154 | 100.0 |       0 |      16 | 100.0
            +---------+---------+-------+---------+---------+-------
